 Dungeon Crawl Stone Soup version 0.22-a0-377-g846bec1 (webtiles) character file.

36206 iamserjio the Thaumaturge (level 13, -29/80 HPs)
             Began as a Deep Elf Fire Elementalist on Apr 27, 2018.
             Was a High Priest of Vehumet.
             Killed from afar by an ice dragon (44 damage)
             ... with a blast of cold
             ... on level 15 of the Dungeon.
             The game lasted 01:22:10 (20573 turns).

iamserjio the Thaumaturge (DEFE)                   Turns: 20573, Time: 01:22:11

Health: -29/80     AC: 10    Str:  5    XL:     13   Next: 51%
Magic:  38/48      EV: 13    Int: 26    God:    Vehumet [*****.]
Gold:   1221       SH:  0    Dex: 15    Spells: 9/41 levels left

rFire    . . .     SeeInvis .   u - staff of power
rCold    . . .     Gourm    .   (no shield)
rNeg     . . .     Faith    .   n - +2 robe {MR+}
rPois    .         Spirit   .   g - +0 helmet
rElec    .         Reflect  .   D - +0 cloak
rCorr    .         Harm     .   p - +2 pair of gloves
MR       ++...                  R - +0 pair of boots
Stlth    ++........             U - amulet of magic regeneration
HPRegen  0.23/turn              v - ring of wizardry
MPRegen  0.56/turn              j - ring of flight

@: about to teleport
A: no striking features
a: Renounce Religion, Evoke Flight


You were on level 15 of the Dungeon.
You worshipped Vehumet.
Vehumet was extremely pleased with you.
You were not hungry.

You visited 3 branches of the dungeon, and saw 17 of its levels.

You collected 1286 gold pieces.
You spent 65 gold pieces at shops.

Inventory:

Hand Weapons
 f - a +0 whip of draining
Armour
 g - a +0 helmet (worn)
 l - the +2 pair of boots of the Teacher {Str+5 Int-2}
   (You found it on level 6 of the Dungeon)

   It affects your strength (+5).
   It affects your intelligence (-2).
 n - a +2 robe of magic resistance (worn)
 p - a +2 pair of gloves (worn)
 q - a +0 robe of positive energy
 D - a +0 cloak (worn)
 N - a +3 ring mail of magic resistance
 R - a +0 pair of boots (worn)
Magical Staves
 u - an uncursed staff of power (weapon)
 O - an uncursed staff of earth
Jewellery
 j - a ring of flight (right hand)
 v - a ring of wizardry (left hand)
 z - an uncursed amulet of regeneration
 I - a cursed amulet of inaccuracy {unknown}
 U - an amulet of magic regeneration (around neck)
Wands
 x - a wand of acid (10)
 y - a wand of disintegration (11)
 B - a wand of clouds (7)
 C - a wand of iceblast (10)
 L - a wand of paralysis (27)
Scrolls
 a - 10 scrolls of remove curse
 b - 5 scrolls of teleportation
 d - a scroll of acquirement {unknown}
 h - 5 scrolls of immolation
 m - 2 scrolls of enchant armour {unknown}
 r - 3 scrolls of enchant weapon {unknown}
 t - 3 scrolls of random uselessness {unknown}
 w - 3 scrolls of fog {unknown}
 E - 4 scrolls of amnesia {unknown}
 H - 2 scrolls of identify
 M - a scroll of blinking {unknown}
Potions
 e - a potion of magic {unknown}
 i - 7 potions of curing
 k - 3 potions of agility {unknown}
 o - a potion of heal wounds
 s - 2 potions of brilliance {unknown}
 A - 4 potions of lignification {unknown}
 F - a potion of resistance {unknown}
 G - 2 potions of mutation {unknown}
 J - 3 potions of berserk rage {unknown}
 K - a potion of flight {unknown}
 S - a potion of invisibility
Miscellaneous
 P - a lightning rod (4/4)
Comestibles
 c - 17 rations
 Q - 4 chunks of flesh


   Skills:
 * Level 9.2 Fighting
 - Level 2.4 Dodging
 - Level 2.4 Stealth
 + Level 14.7 Spellcasting
 + Level 12.5 Conjurations
 * Level 14.1 Fire Magic


You had 9 spell levels left.
You knew the following spells:

 Your Spells              Type           Power        Failure   Level  Hunger
a - Flame Tongue          Conj/Fire      #####        0%          1    None
b - Conjure Flame         Conj/Fire      ######..     1%          3    None
c - Sticky Flame          Conj/Fire      ######..     1%          4    None
d - Fireball              Conj/Fire      ######....   1%          5    #......
e - Sting                 Conj/Pois      ####         1%          1    None
f - Searing Ray           Conj           ######       1%          2    None
g - Throw Icicle          Conj/Ice       ######..     1%          4    None
h - Summon Small Mammal   Summ           ###.         1%          1    None
i - Mephitic Cloud        Conj/Pois/Air  #####...     1%          3    None
j - Dazzling Spray        Conj/Hex       ######       1%          3    None
k - Bolt of Draining      Conj/Necr      ######....   1%          5    #......


Dungeon Overview and Level Annotations

Branches:
Dungeon (15/15)            Temple (1/1) D:4            Lair (0/6) D:11
    Orc (1/2) D:10         Vaults (0/5) D:14
 Depths: D:15

Altars:
Cheibriados
Dithmenos
Elyvilon
Fedhas
Gozag
Hepliaklqana
Kikubaaqudgha
Makhleb
Nemelex Xobeh
Okawaru
Qazlal
Ru
Trog
Vehumet
Xom
Yredelemnul

Shops:
D:6 *   D:10 *   D:12 (   D:13 }   D:14 (


Message History

Aim: a fire dragon (moderately wounded, catching its breath, lightly drained)
The spray of energy hits the fire dragon.
The fire dragon is moderately wounded.
The fire dragon is dazzled.
The fire dragon breathes flames at you. The blast of flame hits you!
Ouch! That really hurt!
* * * LOW HITPOINT WARNING * * *
Okay, then.
Drop what? 46/52 slots (_ for help) (? for menu, Esc to quit)
Okay, then.
Unknown command.
As you read the scroll of teleportation, it crumbles to dust.
You feel strangely unstable.
Okay, then.
You feel much better. The ice dragon breathes frost at you.
The blast of cold hits you!
Ouch! That really hurt!
You die...

#....## ##.#########
#...## #.# #..## #.# #.##
##'## #.# ##...## #.####
##.....## # #..#.##
##.......## ##
####.D..####.........####.
#......D.@.'.........(....
####....####.........#....
#.#(## ##.......##.###
#.### ##.....###†### #.#
#.....[.#..†. ##.#
#.#'###.##### #..#
#.#.###.## # #.##
#........#### #(#
####.#.#........


You could see a fire dragon (blind) and an ice dragon.

Vanquished Creatures
  Frances (D:13)
  A vault guard (D:14)
  A hydra (D:13)
  3 centaur warriors
  5 two-headed ogres
  Urug (D:14)
  Sonja (D:15)
  Nergalle (D:10)
  An unseen horror (D:11)
  A wolf spider zombie (D:14)
  A deep elf mage (D:12)
  13 ugly things
  2 cyclopes
  A manticore (D:12)
  Joseph (D:8)
  Maurice (D:8)
  A gargoyle (D:14)
  A freezing wraith (D:14)
  A kobold demonologist (D:14)
  A komodo dragon (D:11)
  A tengu conjurer (D:13)
  2 trolls
  A wolf spider simulacrum (D:15)
  4 hippogriffs
  Prince Ribbit (D:9)
  A meliai zombie (D:14)
  A slime creature (D:14)
  Sigmund (D:5)
  3 shadows (D:14)
  2 vampires
  14 yaks
  2 wraiths
  2 wyverns
  Grum (D:8)
  A hungry ghost (D:10)
  A steam dragon (D:12)
  Menkaure (D:7)
  2 vampire mosquitoes (D:12)
  A warg (shapeshifter) (D:14)
  3 wargs (Orc:1)
  2 water moccasins
  2 acid dragons
  A sky beast (D:10)
  An ice beast (D:7)
  2 black bears
  2 phantoms
  11 orc warriors
  An eye of draining (D:14)
  8 ogres
  5 boggarts (D:15)
  The ghost of iamserjio the Charmwright, an amateur DsSk (D:3)
  11 centaurs
  2 wolves (D:8)
  A crocodile (D:10)
  4 big kobolds
  7 bullfrogs
  2 scorpions (D:10)
  15 killer bees
  7 howler monkeys
  3 wights (D:10)
  9 electric eels
  A crimson imp (D:12)
  A quasit (D:8)
  7 centaur zombies
  A bullfrog skeleton (D:4)
  5 hounds
  9 jellies
  7 orc priests
  7 centaur skeletons
  Jessica (D:4)
  5 iguanas
  12 orc wizards
  12 worker ants
  A hound skeleton (D:11)
  A worker ant zombie (D:5)
  4 gnolls (D:5)
  19 adders
  2 shadow imps (D:5)
  6 oozes
  2 adder zombies (D:8)
  3 adder skeletons
  2 worms (D:3)
  2 dart slugs
  5 leopard geckos
  42 orcs
  13 bats
  7 giant cockroaches
  6 goblins
  4 hobgoblins
  19 jackals
  3 quokkas
  A ball python (D:3)
  5 frilled lizards
  A jackal skeleton (D:5)
  23 kobolds
  2 leopard gecko skeletons
  A quokka skeleton (D:8)
  10 rats
433 creatures vanquished.

Vanquished Creatures (others)
  2 plants (D:11)
2 creatures vanquished.

Grand Total: 435 creatures vanquished

Notes
Turn   | Place    | Note
-------+----------+-------------------------------------------
     0 | D:1      | iamserjio the Deep Elf Fire Elementalist began the quest for the Orb.
     0 | D:1      | Reached XP level 1. HP: 10/10 MP: 6/6
   582 | D:1      | Reached XP level 2. HP: 14/15 MP: 0/8
  1093 | D:2      | Reached XP level 3. HP: 19/19 MP: 6/10
  1436 | D:2      | Learned a level 3 spell: Conjure Flame
  1632 | D:3      | Reached XP level 4. HP: 24/24 MP: 6/12
  1694 | D:3      | Found a shadowy altar of Dithmenos.
  1805 | D:3      | Noticed a bullfrog
  1817 | D:3      | Killed a bullfrog
  1817 | D:3      | Reached XP level 5. HP: 23/28 MP: 5/14
  2100 | D:3      | Noticed iamserjio's ghost (amateur DsSk)
  2113 | D:3      | Killed iamserjio's ghost
  2113 | D:3      | Reached skill level 5 in Spellcasting
  2113 | D:3      | Reached skill level 5 in Fire Magic
  2600 | D:4      | Found a sacrificial altar of Ru.
  2616 | D:4      | Reached XP level 6. HP: 32/32 MP: 14/16
  2695 | D:3      | Learned a level 4 spell: Sticky Flame
  2701 | D:3      | Learned a level 5 spell: Fireball
  3043 | D:4      | Found a staircase to the Ecumenical Temple.
  3064 | D:5      | Entered Level 5 of the Dungeon
  3067 | D:5      | Found a transporter.
  3138 | Temple   | Entered the Ecumenical Temple
  3195 | Temple   | Became a worshipper of Vehumet
  3305 | D:5      | Reached XP level 7. HP: 36/36 MP: 8/18
  3705 | D:4      | Found a snail-covered altar of Cheibriados.
  3721 | D:4      | Reached skill level 5 in Conjurations
  4079 | D:4      | Found a sparkling altar of Nemelex Xobeh.
  4189 | D:4      | Noticed Jessica
  4194 | D:4      | Killed Jessica
  4809 | D:5      | Reached XP level 8. HP: 41/41 MP: 21/21
  4885 | D:5      | Reached * piety under Vehumet
  4885 | D:5      | Offered knowledge of Shock by Vehumet.
  4890 | D:5      | Noticed Sigmund
  4894 | D:5      | Killed Sigmund
  5426 | D:5      | Found a transporter.
  5463 | D:5      | Found a blossoming altar of Fedhas.
  5905 | D:6      | Got a pair of transparent boots
  5911 | D:6      | Identified the +2 pair of boots of the Teacher {Str+5 Int-2} (You found it on level 6 of the Dungeon)
  5945 | D:6      | Found an opulent altar of Gozag.
  5945 | D:6      | Found Gozag's Platinum Reserve.
  6198 | D:6      | Found a white marble altar of Elyvilon.
  6305 | D:6      | Found a bloodstained altar of Trog.
  6497 | D:7      | Noticed Menkaure
  6499 | D:7      | Killed Menkaure
  6521 | D:7      | Reached XP level 9. HP: 45/45 MP: 15/24
  6665 | D:7      | Found a shimmering altar of Xom.
  6866 | D:7      | Reached ** piety under Vehumet
  6880 | D:7      | Offered knowledge of Sting by Vehumet.
  6932 | D:6      | Learned a level 1 spell: Sting
  7441 | D:7      | Reached skill level 10 in Spellcasting
  7504 | D:8      | Noticed Joseph
  7853 | D:8      | Reached skill level 1 in Fighting
  7978 | D:8      | Found a burning altar of Makhleb.
  8208 | D:8      | Found an iron altar of Okawaru.
  8208 | D:8      | Found a stormy altar of Qazlal.
  8406 | D:8      | Offered knowledge of Ignite Poison by Vehumet.
  8412 | D:8      | Learned a level 2 spell: Searing Ray
  8484 | D:8      | Noticed Grum
  8489 | D:8      | Killed Grum
  8596 | D:8      | Reached XP level 10. HP: 52/56 MP: 26/26
  8609 | D:8      | Reached *** piety under Vehumet
  8773 | D:8      | Noticed Maurice
  8777 | D:8      | Killed Maurice
  8920 | D:8      | Killed Joseph
  9814 | D:9      | Found a blossoming altar of Fedhas.
 10386 | D:9      | Noticed Prince Ribbit
 10399 | D:9      | Killed Prince Ribbit
 10399 | D:9      | Reached skill level 5 in Fighting
 10575 | D:10     | Entered Level 10 of the Dungeon
 10611 | D:10     | Offered knowledge of Throw Icicle by Vehumet.
 10650 | D:10     | Reached skill level 10 in Fire Magic
 10850 | D:10     | Learned a level 4 spell: Throw Icicle
 10852 | D:10     | Learned a level 1 spell: Summon Small Mammal
 11270 | D:10     | Noticed Nergalle
 11345 | D:10     | Killed Nergalle
 11345 | D:10     | Reached XP level 11. HP: 53/64 MP: 22/28
 11563 | D:10     | Found Ruofigyq's General Store.
 11571 | D:10     | Bought a scroll of identify for 26 gold pieces
 11571 | D:10     | Bought a potion of curing for 39 gold pieces
 11606 | D:10     | Reached skill level 10 in Conjurations
 11750 | D:10     | Reached **** piety under Vehumet
 11939 | D:10     | Found a staircase to the Orcish Mines.
 12098 | D:11     | Offered knowledge of Mephitic Cloud by Vehumet.
 12235 | D:10     | Learned a level 3 spell: Mephitic Cloud
 12298 | D:11     | Noticed a red ugly thing
 12391 | D:11     | Noticed an unseen horror
 12392 | D:11     | Killed an unseen horror
 12699 | Orc:1    | Entered Level 1 of the Orcish Mines
 12718 | Orc:1    | Found a bloodstained altar of Trog.
 13216 | Orc:1    | Noticed an orc warlord
 13411 | D:11     | Learned a level 3 spell: Dazzling Spray
 13546 | D:11     | Found a staircase to the Lair.
 13868 | D:11     | Killed a red ugly thing
 14241 | D:12     | Reached ***** piety under Vehumet
 14252 | D:12     | Offered knowledge of Bolt of Draining by Vehumet.
 14498 | D:12     | Noticed a purple ugly thing
 14504 | D:12     | Noticed a white ugly thing
 14505 | D:12     | Killed a purple ugly thing
 14511 | D:12     | Killed a white ugly thing
 14653 | D:12     | Noticed a two-headed ogre
 14771 | D:12     | Noticed a two-headed ogre
 14778 | D:12     | Killed a two-headed ogre
 14778 | D:12     | Reached XP level 12. HP: 62/72 MP: 28/31
 14861 | D:12     | Found Foar's Weapon Shop.
 14889 | D:12     | Noticed a two-headed ogre
 14905 | D:12     | Killed a two-headed ogre
 14979 | D:12     | Killed a two-headed ogre
 15396 | D:12     | Found a shimmering altar of Xom.
 15400 | D:12     | Found a shimmering altar of Xom.
 15400 | D:12     | Found a shimmering altar of Xom.
 15400 | D:12     | Found a shimmering altar of Xom.
 15500 | D:13     | Noticed a seven-headed hydra
 15805 | D:13     | Noticed a two-headed ogre
 15816 | D:13     | Killed a two-headed ogre
 15831 | D:13     | Noticed a centaur warrior
 15996 | D:13     | Killed a centaur warrior
 16200 | D:13     | Noticed Frances
 16306 | D:12     | Learned a level 5 spell: Bolt of Draining
 16610 | D:13     | Killed a seven-headed hydra
 16686 | D:13     | Found Nuwaqiv's Gadget Shop.
 17614 | D:14     | Noticed a vault guard
 17621 | D:14     | Killed a vault guard
 18007 | D:14     | Found a gate to the Vaults.
 18329 | D:14     | Noticed a centaur warrior
 18333 | D:14     | Killed a centaur warrior
 18333 | D:14     | Reached XP level 13. HP: 32/78 MP: 27/33
 18620 | D:14     | Noticed Urug
 18625 | D:14     | Killed Urug
 19074 | D:13     | Killed Frances
 19202 | D:14     | Found a hazy altar of Hepliaklqana.
 19276 | D:14     | Found Kovvell's Weapon Emporium.
 19401 | D:15     | Entered Level 15 of the Dungeon
 19943 | D:15     | Noticed Sonja
 19946 | D:15     | Killed Sonja
 20398 | D:15     | Offered knowledge of Venom Bolt by Vehumet.
 20481 | D:15     | Noticed a fire dragon
 20570 | D:15     | HP: 1/80 [fire dragon/blast of flame (40)]
 20573 | D:15     | Killed from afar by an ice dragon

Vault maps used:
D:1:      matt_arrival_refuge
D:3:      minmay_diamond_boxcup, nicolae_dithmenos_shadow_blocks
D:4:      lemuel_round_altar, nicolae_overflow_crystal_walls,
          minmay_temple_entry_from_below_a, first_ration,
          nemelex_lonely_heart_becter
D:5:      gammafunk_wand_slinger, fedhas_altar_3, uniq_sigmund
D:6:      nicolae_gozag_zags_fifth_avenue, elyvilon_altar_5,
          minmay_misc_feat_tower, trog_butcher_becter
D:7:      kennysheep_mini_moat, uniq_menkaure
D:8:      amethyst_overflow_temple_binary, basic_altar, uniq_joseph, uniq_grum,
          uniq_maurice
D:9:      basic_altar, uniq_prince_ribbit1
D:10:     serial_shops, shop, hangedman_little_slice_of_home, uniq_nergalle
D:11:     david_lair_shrubbed, lab_entry_generic
D:12:     serial_shops, nicolae_shop_stone, xom_redecorated
D:13:     statuecave_lemuel, serial_shops, nicolae_shop_behind_doors,
          patterned_corridor, uniq_frances
D:14:     david_vaults_5, basic_altar, palyth_stone_intersect, serial_shops,
          shop, uniq_urug
D:15:     grunt_enter_depths_hoard, nicolae_tso_swordbearing_angel, uniq_sonja
Temple:   nicolae_temple_figure_eight
Orc:1:    basic_altar, nicolae_orc_stony_grotto, bloody_trog

Skill      XL: |  1  2  3  4  5  6  7  8  9 10 11 12 13 |
---------------+----------------------------------------+-----
Conjurations   | 2 3 4 5 7 8 9 11 12 | 12.5
Spellcasting   | 4 5 6 7 9 10 11 13 14 | 14.7
Fire Magic     | 4 5 6 8 9 10 11 13 14 | 14.1
Fighting       | 3 5 7 8 9 |  9.2
Dodging        | |  2.4
Stealth        | |  2.4

Action                   |  1- 3 |  4- 6 |  7- 9 | 10-12 | 13-15 || total
-------------------------+-------+-------+-------+-------+-------++-------
Melee: Spear             |    33 |       |       |       |       ||    33
       Whip              |       |    66 |    15 |    10 |       ||    91
       Dagger            |       |    24 |       |       |       ||    24
       Staff             |       |       |    21 |    54 |     1 ||    76
 Cast: Flame Tongue      |    61 |    63 |   177 |   226 |    10 ||   537
       Conjure Flame     |       |     1 |    11 |    23 |     9 ||    44
       Sticky Flame      |       |     5 |    22 |    94 |     6 ||   127
       Fireball          |       |       |    41 |   148 |    50 ||   239
       Sting             |       |       |     6 |     6 |       ||    12
       Dazzling Spray    |       |       |       |    22 |     9 ||    31
       Summon Small Mamm |       |       |       |     1 |       ||     1
       Bolt of Draining  |       |       |       |     4 |     4 ||     8
Evoke: Wand              |       |       |       |     1 |       ||     1
  Use: Scroll            |     3 |     1 |     5 |     9 |     3 ||    21
       Potion            |       |       |       |     5 |     2 ||     7
 Stab: Sleeping          |     2 |     4 |       |     1 |       ||     7
  Eat: Chunk             |     2 |     3 |    19 |    19 |       ||    43
       Ration            |       |     1 |     2 |     6 |     3 ||    12
Armor: Robe              |    18 |    42 |    28 |    63 |     6 ||   157
Dodge: Dodged            |    46 |    75 |    84 |   120 |     8 ||   333

Table legend:
 A = Spawn XP
 B = Non-spawn XP
 C = Spawn XP percentage of total XP
 D = Spawn monster count
 E = Non-spawn monster count
 F = Spawn count percentage of total count
 G = Total turns spent on level
                    A         B        C        D         E        F      G
               +---------+---------+-------+---------+---------+-------+---------
         Total |       0 |   51724 |   0.0 |       0 |     433 |   0.0 | 20573
               +---------+---------+-------+---------+---------+-------+---------
           D:1 |       0 |      18 |   0.0 |       0 |      10 |   0.0 |   996
           D:2 |       0 |      68 |   0.0 |       0 |      22 |   0.0 |   587
           D:3 |       0 |     294 |   0.0 |       0 |      37 |   0.0 |  1101
           D:4 |       0 |     598 |   0.0 |       0 |      23 |   0.0 |  1603
           D:5 |       0 |     949 |   0.0 |       0 |      42 |   0.0 |  1460
           D:6 |       0 |     700 |   0.0 |       0 |      18 |   0.0 |   941
           D:7 |       0 |    1093 |   0.0 |       0 |      17 |   0.0 |  1335
           D:8 |       0 |    3435 |   0.0 |       0 |      43 |   0.0 |  1339
           D:9 |       0 |    1634 |   0.0 |       0 |      24 |   0.0 |  1189
          D:10 |       0 |    3988 |   0.0 |       0 |      45 |   0.0 |  2134
          D:11 |       0 |    4001 |   0.0 |       0 |      24 |   0.0 |  1136
          D:12 |       0 |    7500 |   0.0 |       0 |      31 |   0.0 |  1859
          D:13 |       0 |    8681 |   0.0 |       0 |      26 |   0.0 |  1523
          D:14 |       0 |    8113 |   0.0 |       0 |      23 |   0.0 |  2160
          D:15 |       0 |    8775 |   0.0 |       0 |      21 |   0.0 |   794
         Orc:1 |       0 |    1877 |   0.0 |       0 |      27 |   0.0 |   338
               +---------+---------+-------+---------+---------+-------+---------
